 Dungeon Crawl Stone Soup version 0.31.0-12-g77e489cdc1 (webtiles) character file.

Game seed: 1412218956973294350

5153 Gadfly the Basher (level 10, -13/107 HPs)
             Began as an Oni Berserker on Mar 2, 2024.
             Was an Elder of Trog.
             Mangled by a boulder beetle (15 damage)
             ... on level 8 of the Dungeon.
             The game lasted 00:11:42 (8529 turns).

Gadfly the Basher (Oni Berserker)                   Turns: 8529, Time: 00:11:43

Health: -13/107    AC: 18    Str: 31    XL:     10   Next: 59%
Magic:  10/10      EV: 10    Int:  8    God:    Trog [****..]
Gold:   1355       SH:  5    Dex: 10    Spells: 9/9 levels left

rFire   . . .        a - +2 great mace (protect)
rCold   . . .        (shield currently unavailable)
rNeg    . . .        v - +2 robe {Will+}
rPois   .            (helmet restricted)
rElec   .            e - +0 cloak
rCorr   .            (gloves unavailable)
SInv    .            (boots unavailable)
Will    ++++.        g - amulet of reflection
Stlth   +            m - +6 ring of strength
HPRegen 1.37/turn    o - +4 ring of protection
MPRegen 0.12/turn

%: reflection
@: strong-willed, under a protective aura, on berserk cooldown, regenerating,
slowed, very slow
A: large, unfitting armour, horns 1, tough skin 1, double potion healing,
drunken brawling
a: Renounce Religion, Berserk, Trog's Hand, Brothers in Arms


You were on level 8 of the Dungeon.
You worshipped Trog.
Trog was greatly pleased with you.
You visited 2 branches of the dungeon, and saw 9 of its levels.

You collected 1355 gold pieces.

Inventory:

Hand Weapons
 a - a +2 great mace of protection (weapon)
 b - a +0 flail of venom
 j - a +0 dire flail
 q - a +0 mace of holy wrath
 w - a +1 whip of flaming
Armour
 e - a +0 cloak (worn)
 v - a +2 robe of willpower (worn)
Jewellery
 f - a ring of protection from cold
 g - an amulet of reflection (around neck)
 i - a ring of see invisible
 m - a +6 ring of strength (left hand)
 o - a +4 ring of protection (right hand)
 s - a ring of protection from cold
Wands
 d - a wand of roots (10)
 n - a wand of flame (24)
 r - a wand of charming (8) (quivered)
Scrolls
 t - 2 scrolls of revelation
 u - a scroll of identify
Potions
 h - 2 potions of might
 k - 2 potions of cancellation


   Skills:
 + Level 9.5 Fighting
 * Level 9.8 Maces & Flails
 * Level 8.3 Armour
 - Level 2.6 Dodging
 * Level 7.6 Evocations


You had 9 spell levels left.
You didn't know any spells.
Your spell library was empty.

Dungeon Overview and Level Annotations

Branches:
Dungeon (8/15)             Temple (1/1) D:7
   Lair: D:8-11

Altars:
Ashenzari
Cheibriados
Dithmenos
Fedhas
Gozag
Hepliaklqana
Kikubaaqudgha
Makhleb
Okawaru
Qazlal
Trog
Uskayaw
Wu Jian
Xom
Yredelemnul
Zin


Innate Abilities, Weirdness & Mutations

You are too large for most types of armour.
You have a pair of small horns on your head.
You have tough skin. (AC +1)
You gain doubled healing and magic from potions.
Whenever you drink a healing potion, you attack all around you.


Message History

You bludgeon the killer bee!!
You kill the killer bee!
Trog accepts your kill. You block the killer bee's attack.
The killer bee stings you but does no damage.
The killer bee stings you.
* * * LOW HITPOINT WARNING * * *
You see here a killer bee corpse.
You closely miss the killer bee. Your headbutt misses the killer bee.
The killer bee barely misses you.
The boulder beetle bites you but does no damage.
The killer bee closely misses you.
You bludgeon the killer bee!!
You kill the killer bee!
Trog accepts your kill. The boulder beetle bites you!
* * * LOW HITPOINT WARNING * * *
You thump the boulder beetle!
The boulder beetle is lightly wounded.
You hit the boulder beetle but do no damage.
The boulder beetle is lightly wounded.
The boulder beetle bites you!
* * * LOW HITPOINT WARNING * * *
You barely miss the boulder beetle.
The boulder beetle is lightly wounded.
The boulder beetle bites you but does no damage.
You sock the boulder beetle!
The boulder beetle is moderately wounded.
The boulder beetle bites you.
* * * LOW HITPOINT WARNING * * *
You pound the boulder beetle like an anvil!!!
The boulder beetle is severely wounded.
The boulder beetle bites you!!
* * * LOW HITPOINT WARNING * * *
You hit the boulder beetle but do no damage.
The boulder beetle is severely wounded.
You are no longer berserk.
You are exhausted.
You feel yourself slow down. The boulder beetle bites you!
You die...

#..#....##....##
#......####
...###..")......#
##.###.....# ##..
##..#......# #..# ##.....
## #..##..##.####..##
#.....
.........#..##....###.....
#.........#...............#
#.##......#........##...###
..........##.y.....##..## #
..# ...#...@#.y.....##..#
#. #..#.B.###........ #.
.....#...##..#...##. ..
#...##....##..y##..# ...
#.. ..######.°.# ...#
##.... #...........# ....
......#....#..# # ..
.....##....#... .....
####.#


You could see a boulder beetle.

Vanquished Creatures
  Jeremiah (D:7)
  The ghost of GrumpyGrim72 the Conjurer, a novice DECj (D:5)
  A hornet (D:8)
  Prince Ribbit (D:5)
  Sigmund (D:5)
  A steam dragon (D:8)
  Menkaure (D:7)
  Duvessa (D:6)
  An orc warrior (D:8)
  A sky beast (D:7)
  3 ice beasts (D:7)
  2 black bears
  2 ogres
  2 centaurs
  A phantom (D:7)
  Blork the orc (D:5)
  2 kobold brigands
  A gnoll sergeant (D:6)
  A wight (D:8)
  2 scorpions
  Dowan (D:6)
  3 killer bees (D:8)
  2 howler monkeys
  2 bombardier beetles
  3 hounds
  3 jellies
  3 orc priests (D:8)
  Crazy Yiuf (D:2)
  A gnoll bouda (D:6)
  A sleepcap (D:6)
  2 iguanas
  4 orc wizards
  19 gnolls
  8 adders
  A white imp (D:7)
  5 ufetubi
  5 dart slugs
  A ribbon worm (D:5)
  17 orcs
  10 endoplasms
  6 giant cockroaches
  15 goblins
  7 hobgoblins
  5 jackals
  12 kobolds
  2 quokkas
  10 ball pythons
  4 bats
  3 frilled lizards
  7 rats
190 creatures vanquished.

Vanquished Creatures (others)
  An ufetubus (D:5)
1 creature vanquished.

Grand Total: 191 creatures vanquished

Notes
Turn   | Place    | Note
-------+----------+-------------------------------------------
     0 | D:1      | Gadfly the Oni Berserker began the quest for the Orb.
     0 | D:1      | Reached XP level 1. HP: 24/24 MP: 1/1
   286 | D:1      | Reached XP level 2. HP: 32/32 MP: 2/2
   330 | D:1      | Reached skill level 1 in Armour
   378 | D:1      | Reached XP level 3. HP: 35/39 MP: 3/3
   421 | D:1      | Reached skill level 1 in Evocations
   559 | D:1      | Reached ** piety under Trog
  1160 | D:2      | Found a runed translucent door.
  1161 | D:2      | Noticed Crazy Yiuf
  1223 | D:2      | You fall into a shaft and drop 1 floor!
  1286 | D:3      | Reached XP level 4. HP: 49/49 MP: 4/4
  2524 | D:2      | Killed Crazy Yiuf
  2525 | D:2      | Reached XP level 5. HP: 13/55 MP: 5/5
  2817 | D:3      | Found a faded altar of an unknown god.
  3060 | D:3      | Reached *** piety under Trog
  3334 | D:3      | Identified the +3 short sword "Begaw" {heavy, rN+ Str-4
                  | Int+4}
  3499 | D:3      | Identified a scroll of acquirement
  3499 | D:3      | Acquired a +2 great mace of protection
  3844 | D:4      | Found a stormy altar of Qazlal.
  3862 | D:4      | Reached XP level 6. HP: 65/65 MP: 6/6
  4187 | D:4      | Reached skill level 5 in Fighting
  4769 | D:4      | Identified the +0 leather armour of Loxin {rF+}
  4943 | D:4      | Acquired 901 gold pieces
  4972 | D:5      | Entered Level 5 of the Dungeon
  4995 | D:5      | Noticed Prince Ribbit
  5006 | D:5      | Killed Prince Ribbit
  5007 | D:5      | Reached skill level 5 in Maces & Flails
  5007 | D:5      | Reached XP level 7. HP: 52/72 MP: 7/7
  5086 | D:5      | Noticed Blork the orc
  5099 | D:5      | Killed Blork the orc
  5240 | D:5      | Noticed Sigmund
  5254 | D:5      | Killed Sigmund
  5255 | D:5      | Reached XP level 8. HP: 61/83 MP: 8/8
  5464 | D:5      | Found a runed translucent gate.
  5464 | D:5      | Found a runed translucent gate.
  5464 | D:5      | Found a runed translucent gate.
  5464 | D:5      | Noticed GrumpyGrim72's ghost (novice DECj)
  5804 | D:5      | Killed GrumpyGrim72's ghost
  5814 | D:5      | Reached XP level 9. HP: 97/97 MP: 9/9
  5932 | D:6      | Reached **** piety under Trog
  6102 | D:6      | Noticed Dowan
  6103 | D:6      | Noticed Duvessa
  6112 | D:6      | Killed Duvessa
  6129 | D:6      | Killed Dowan
  7206 | D:7      | Reached XP level 10. HP: 107/107 MP: 10/10
  7222 | D:7      | Noticed Menkaure
  7234 | D:7      | Killed Menkaure
  7557 | D:7      | Found a staircase to the Ecumenical Temple.
  7574 | Temple   | Entered the Ecumenical Temple
  7583 | D:7      | Noticed Jeremiah
  7588 | D:7      | Killed Jeremiah
  8495 | D:8      | Noticed a boulder beetle
  8528 | D:8      | HP: 2/160 [boulder beetle (19)]
  8529 | D:8      | Mangled by a boulder beetle

Illustrated notes

Levels and vault maps discovered:
D:1:      dpeg_cavernosity, layout_basic
D:2:      layout_loops_corners, uniq_crazy_yiuf_cottage
D:3:      corexii_shack_village, layout_basic,
          shapermc_ecumenical_altar_flowoftime, kennysheep_small_spiral
D:4:      layout_cave_pods, nicolae_qazlal_scattered_showers, minivault_11,
          minivault_19
D:5:      layout_loops_cross, ebering_ghost_rock_garden, uniq_prince_ribbit1,
          uniq_sigmund, uniq_blork_the_orc
D:6:      layout_basic, uniq_duvessa
D:7:      layout_basic, minmay_temple_entry_mini_moons, uniq_jeremiah,
          uniq_menkaure
D:8:      layout_cave_pools, eino_curves_03, kennysheep_generic_room_10
Temple:   bh_familiar_temple

Skill      XL: |  1  2  3  4  5  6  7  8  9 10 |
---------------+-------------------------------+-----
Armour         | 1 2 3 4 7 8 |  8.3
Evocations     | 1 2 3 6 7 |  7.6
Maces & Flails | 4 5 9 |  9.8
Fighting       | 5 6 8 9 |  9.5
Dodging        | |  2.6

Action                     |  1- 3 |  4- 6 |  7- 9 | 10-12 || total
---------------------------+-------+-------+-------+-------++-------
  Melee: Mace              |    74 |    61 |       |       ||   135
         Headbutt          |    12 |    25 |    16 |    17 ||    70
         Quarterstaff      |       |    37 |       |       ||    37
         Great mace        |       |    45 |   111 |   117 ||   273
         Flail             |       |     9 |    14 |       ||    23
 Invoke: Trog's Hand       |       |       |       |     2 ||     2
    Use: Scroll            |     5 |     8 |     4 |       ||    17
         Potion            |     1 |     3 |     2 |     4 ||    10
   Stab: Invisible         |       |     2 |       |       ||     2
         Sleeping          |       |     2 |       |       ||     2
 Armour: Animal skin       |    31 |   112 |    47 |       ||   190
         Robe              |       |       |   102 |   118 ||   220
  Dodge: Dodged            |    32 |    85 |    78 |    62 ||   257
  Block: Other             |     7 |    45 |    29 |    29 ||   110
         Reflection        |       |     2 |       |     2 ||     4
